 Dungeon Crawl Stone Soup version 0.23.2-1-ga50397a (webtiles) character file.

Game seed: 10691604682754056123

1608 cab the Geomancer (level 8, -2/44 HPs)
             Began as a Gargoyle Earth Elementalist on May 28, 2019.
             Was a Follower of Vehumet.
             Slain by an orc warrior
             ... wielding a +0 dire flail of protection
              (5 damage)
             ... on level 6 of the Dungeon.
             The game lasted 00:26:49 (8992 turns).

cab the Geomancer (Gargoyle Earth Elementalist)     Turns: 8992, Time: 00:26:49

Health: -2/44      AC: 16    Str: 12    XL:     8   Next: 95%
Magic:  2/13       EV: 12    Int: 18    God:    Vehumet [*.....]
Gold:   373        SH:  0    Dex: 10    Spells: 5/14 levels left

rFire    + . .     SeeInvis .   o - +3 mace (protect)
rCold    . . .     Gourm    .   (no shield)
rNeg     + . .     Faith    .   c - +1 robe
rPois    ∞         Spirit   .   (no helmet)
rElec    +         Reflect  .   (no cloak)
rCorr    .         Harm     .   (no gloves)
MR       .....                  y - +0 pair of boots
Stlth    ++........             (no amulet)
HPRegen  0.14/turn              w - ring of protection from fire
MPRegen  0.13/turn              (no ring)

@: protection aura
A: negative energy resistance 1, electricity resistance, unbreathing,
petrification resistance, rot immunity, AC +5
a: Renounce Religion


You were on level 6 of the Dungeon.
You worshipped Vehumet.
Vehumet was aware of your devotion.
You were hungry.

You visited 2 branches of the dungeon, and saw 7 of its levels.

You collected 373 gold pieces.

Inventory:

Hand Weapons
 o - a +3 mace of protection (weapon)
Missiles
 b - 19 stones (quivered)
Armour
 c - a +1 robe (worn)
 v - a +0 leather armour
 y - a +0 pair of boots (worn)
Jewellery
 w - a ring of protection from fire (left hand)
Wands
 n - a wand of paralysis (8)
Scrolls
 e - a scroll of fog
 g - 4 scrolls of noise
 h - 4 scrolls of teleportation
 i - a scroll of amnesia
 k - a scroll of enchant weapon
 p - 2 scrolls of remove curse
 q - 2 scrolls of immolation
 r - a scroll of identify
 s - a scroll of fear {unknown}
Potions
 a - 2 potions of ambrosia
 f - a potion of agility
 j - a potion of invisibility
 l - 2 potions of curing
 m - 2 potions of flight
 t - a potion of brilliance
 u - 3 potions of lignification
 x - a potion of haste
Comestibles
 d - 9 rations
 z - 3 chunks of flesh


   Skills:
 - Level 2.0 Fighting
 - Level 1.5 Dodging
 - Level 2.1 Stealth
 + Level 3.8 Spellcasting
 + Level 7.4 Conjurations
   Level 0.7 Transmutations
 + Level 9.5 Earth Magic


You had 5 spell levels left.
You knew the following spells:

 Your Spells              Type           Power        Failure   Level  Hunger
a - Sandblast             Erth           #####.       1%          1    None
b - Stone Arrow           Conj/Erth      ####..       1%          3    ###....
c - Lee's Rapid Deconstr  Erth           #####.....   9%          5    ######.

Your spell library contained the following spells:

 Spells                   Type           Power        Failure   Level  Hunger
 Shock                    Conj/Air       ###.         3%          1    None
 Passwall                 Tmut/Erth      ###.....     2%          2    ##.....
 Dazzling Spray           Conj/Hex       ###...       10%         3    ###....
 Corona                   Hex            #......      16%         1    None
 Petrify                  Tmut/Erth      ###.....     19%         4    ####...
 Ensorcelled Hibernation  Hex/Ice        #.....       22%         2    ##.....
 Confuse                  Hex            #.......     41%         3    ###....
 Tukima's Dance           Hex            #.......     41%         3    ###....


Dungeon Overview and Level Annotations

Branches:
Dungeon (6/15)             Temple (1/1) D:5

Altars:
Ashenzari
Cheibriados
Dithmenos
Elyvilon
Fedhas
Gozag
Hepliaklqana
Kikubaaqudgha
Makhleb
Nemelex Xobeh
Okawaru
Qazlal
Ru
Sif Muna
Trog
Uskayaw
Vehumet
Wu Jian
Xom
Yredelemnul
Zin
The Shining One


Innate Abilities, Weirdness & Mutations

You are resistant to torment.
Your stone body is resilient. (AC +5)
You are immune to poison.
You resist negative energy. (rN+)
You are resistant to electric shocks. (rElec)
You can survive without breathing.
You are immune to petrification.
You are immune to rotting.


Message History

The orc warrior closely misses you.
You hit the orc warrior but do no damage.
The orc warrior is heavily wounded.
The orc warrior closely misses you.
The orc warrior hits you with a +0 dire flail of protection.
* * * LOW HITPOINT WARNING * * *
You hit the orc warrior.
The orc warrior is heavily wounded.
The orc warrior closely misses you.
You hit the orc warrior but do no damage.
The orc warrior is heavily wounded.
The orc warrior hits you with a +0 dire flail of protection!
* * * LOW HITPOINT WARNING * * *
You closely miss the orc warrior.
The orc warrior is heavily wounded.
The orc warrior completely misses you.
You hit the orc warrior.
The orc warrior is severely wounded.
The orc warrior hits you with a +0 dire flail of protection.
You die...

.........###.## ##.####..#
.##.##........###.##..#'#
.##.###..#####[#..)....#
.##.# ##.# ##).##....#
.##.# #.# ##.###..##
.##.####.# #.#.##)#
.........# #...##|o#
.##.######### #o.##....#
....# ##...## #@.##....'#
.#######.###.###..###..##..
........## ##.#...######
... #######.# #...#......#
..# # ##.## ##.#..>#.####
## # ##.#.###.####.#.# #
##.###...## #.#)# #
##.####..######.#.# #
#.###...........#.#


You could see an orc warrior.

Vanquished Creatures
  A phantom (D:4)
  3 ogres
  2 centaurs (D:6)
  Blork the orc (D:6)
  A scorpion (D:5)
  2 jellies
  4 crimson imps
  3 hounds
  4 orc priests
  5 orc wizards
  7 worker ants
  2 hound zombies
  3 gnolls (D:3)
  6 adders
  A howler monkey skeleton (D:4)
  An ooze (D:3)
  2 worms
  3 dart slugs
  5 leopard geckos
  24 orcs
  5 bats
  8 giant cockroaches
  5 goblins
  9 hobgoblins
  7 jackals
  4 kobolds
  6 quokkas
  3 frilled lizards
  A leopard gecko skeleton (D:5)
  A leopard gecko zombie (D:5)
  4 rats
133 creatures vanquished.

Notes
Turn   | Place    | Note
-------+----------+-------------------------------------------
     0 | D:1      | cab the Gargoyle Earth Elementalist began the quest for the
                  | Orb.
     0 | D:1      | Reached XP level 1. HP: 10/10 MP: 3/3
   201 | D:1      | Reached skill level 4 in Earth Magic
   289 | D:1      | Reached XP level 2. HP: 7/15 MP: 1/5
  1055 | D:1      | Reached XP level 3. HP: 19/19 MP: 2/6
  1661 | D:2      | Learned a level 3 spell: Stone Arrow
  1796 | D:2      | Reached skill level 1 in Conjurations
  2048 | D:2      | Reached skill level 5 in Earth Magic
  2111 | D:2      | Reached XP level 4. HP: 24/24 MP: 5/7
  3005 | D:2      | Reached XP level 5. HP: 19/28 MP: 2/8
  3587 | D:3      | Reached skill level 6 in Earth Magic
  4050 | D:3      | Reached XP level 6. HP: 20/32 MP: 0/9
  4527 | D:5      | Entered Level 5 of the Dungeon
  4622 | D:4      | Learned a level 5 spell: Lee's Rapid Deconstruction
  4682 | D:4      | Reached skill level 7 in Earth Magic
  4682 | D:4      | Reached XP level 7. HP: 30/36 MP: 5/10
  4816 | D:4      | Reached skill level 5 in Conjurations
  5070 | D:4      | Found a sparkling altar of Nemelex Xobeh.
  5577 | D:4      | Reached skill level 8 in Earth Magic
  6528 | D:5      | Reached XP level 8. HP: 29/42 MP: 8/11
  6625 | D:5      | Reached skill level 1 in Fighting
  7020 | D:5      | Found a staircase to the Ecumenical Temple.
  7038 | Temple   | Entered the Ecumenical Temple
  7055 | Temple   | Became a worshipper of Vehumet
  8442 | D:6      | Reached skill level 9 in Earth Magic
  8741 | D:6      | Found a stormy altar of Qazlal.
  8743 | D:6      | Noticed Blork the orc
  8746 | D:6      | Reached * piety under Vehumet
  8746 | D:6      | Offered knowledge of Shock by Vehumet.
  8752 | D:6      | Killed Blork the orc
  8990 | D:6      | HP: 2/44 [orc warrior/+0 dire flail of protection (11)]
  8992 | D:6      | Slain by an orc warrior

Skill      XL: |  1  2  3  4  5  6  7  8 |
---------------+-------------------------+-----
Earth Magic    | 4 5 6 7 8 9 |  9.5
Conjurations   | 1 2 3 4 6 7 |  7.4
Fighting       | 2 |  2.0
Spellcasting   | 3 |  3.8
Dodging        | |  1.5
Stealth        | |  2.1
Transmutations | |  0.7

Action                   |  1- 3 |  4- 6 |  7- 9 || total
-------------------------+-------+-------+-------++-------
Melee: Unarmed           |    40 |       |       ||    40
       Club              |    37 |       |       ||    37
       Mace              |    25 |    93 |   200 ||   318
 Cast: Sandblast         |    25 |    35 |     8 ||    68
       Stone Arrow       |       |     2 |    51 ||    53
       Lee's Rapid Decon |       |       |     2 ||     2
  Use: Scroll            |       |       |    17 ||    17
 Stab: Sleeping          |     3 |     1 |     2 ||     6
  Eat: Chunk             |     3 |    10 |    19 ||    32
Armor: Robe              |    34 |    51 |   108 ||   193
Dodge: Dodged            |    73 |    83 |   173 ||   329
